 Dungeon Crawl Stone Soup version 0.24-a0-397-g73b976d (webtiles) character file.

Game seed: 9265863136213713778

26311 Darkshadow the Blocker (level 12, -22/168 HPs)
             Began as a Minotaur Berserker on May 19, 2019.
             Was a High Priest of Trog.
             Annihilated by Kirke
             ... wielding an uncursed staff of cold
              (26 damage)
             ... on level 3 of the Lair of Beasts on June 4, 2019.
             The game lasted 00:43:41 (14808 turns).

Darkshadow the Blocker (Minotaur Berserker)        Turns: 14808, Time: 00:43:41

Health: -22/168    AC: 17    Str: 30    XL:     12   Next: 97%
Magic:  11/11      EV:  7    Int: 14    God:    Trog [*****.]
Gold:   897        SH: 21    Dex: 12    Spells: 11/11 levels left

rFire    + . .     SeeInvis .   F - +1 whip (flame)
rCold    . . .     Gourm    .   y - +0 large shield
rNeg     . . .     Faith    .   u - +0 plate armour
rPois    .         Spirit   .   (helmet restricted)
rElec    .         Reflect  .   (no cloak)
rCorr    .         Harm     .   (no gloves)
MR       ++...                  (no boots)
Stlth    ..........             i - amulet of regeneration
HPRegen  1.78/turn              H - +2 ring of protection
MPRegen  0.12/turn              N - ring "Fera" {rF+ Int+10}

@: berserking (expiring), regenerating, very quick
A: retaliatory headbutt, horns 2
a: Berserk, Trog's Hand, Brothers in Arms, Renounce Religion


You were on level 3 of the Lair of Beasts.
You worshipped Trog.
Trog was extremely pleased with you.
You were hungry.

You visited 2 branches of the dungeon, and saw 15 of its levels.
You also visited: Bailey.

You collected 897 gold pieces.

Inventory:

Hand Weapons
 a - a +0 mace
 F - a +1 whip of flaming (weapon)
Armour
 b - a +0 animal skin
 k - a +0 chain mail
 u - a +0 plate armour (worn)
 y - a +0 large shield (worn)
 M - a +1 shield of poison resistance
Jewellery
 i - an amulet of regeneration (around neck)
 v - an uncursed ring of ice
 H - a +2 ring of protection (left hand)
 N - the ring "Fera" (right hand) {rF+ Int+10}
   (You found it on level 4 of the Lair of Beasts)

   [ring of protection from fire]

   It affects your intelligence (+10).
   It protects you from fire.
Wands
 l - a wand of scattershot (3)
 n - a wand of disintegration (12)
 s - a wand of iceblast (17)
 A - a wand of random effects (15)
 D - a wand of flame (12)
 G - a wand of enslavement (6)
 I - a wand of acid (6)
 J - a wand of polymorph (8)
 P - a wand of paralysis (5)
 T - a wand of digging (6)
Scrolls
 d - 9 scrolls of remove curse {@r2}
 e - 4 scrolls of fog {unknown}
 g - 8 scrolls of identify {@r1}
 h - 2 scrolls of teleportation
 m - 10 scrolls of amnesia
 r - a scroll of enchant weapon {unknown}
 w - 3 scrolls of magic mapping
 x - 2 scrolls of fear {unknown}
 E - 2 scrolls of blinking
 K - a scroll of noise {unknown}
 L - 2 scrolls of brand weapon {unknown}
 R - 2 scrolls of immolation {unknown}
 S - 2 scrolls of random uselessness {unknown}
Potions
 f - a potion of flight
 j - a potion of might
 o - a potion of berserk rage {unknown}
 p - 4 potions of brilliance
 q - 2 potions of mutation {unknown}
 t - 8 potions of curing {@q1}
 z - a potion of magic {unknown}
 B - a potion of ambrosia {unknown}
 C - 2 potions of cancellation
 O - a potion of experience {unknown}
 Q - a potion of agility {unknown}
Comestibles
 c - 30 rations


   Skills:
 + Level 12.1 Fighting
 - Level 13.6 Maces & Flails
 + Level 11.8 Armour
 - Level 2.7 Dodging
 * Level 14.6 Shields


You had 11 spell levels left.
You didn't know any spells.
Your spell library was empty.

Dungeon Overview and Level Annotations

Branches:
Dungeon (11/15)            Temple (0/1) D:5            Lair (4/6) D:9
  Swamp (0/4) Lair:2       Spider (0/4) Lair:3          Orc (0/2) D:9

Altars:
Ashenzari
Fedhas
Gozag
Makhleb
Okawaru
Sif Muna
Trog

Shops:
D:8 =   D:11 %

Annotations:
Lair:3 Kirke
Lair:4 Nessos, Sonja


Innate Abilities, Weirdness & Mutations

You reflexively headbutt those who attack you in melee.
You have a pair of horns on your head.


Message History

Trog accepts your kill.
You hear some strange, mumbled words.
Something tries to affect you, but you resist.
You feel a strong urge to attack something.
Something hits you but does no damage.
There is a stone staircase leading down here.
Your shield and plate armour prevent you from hitting something.
You headbutt something! You barely miss something. You hit something.
You burn something. Your headbutt misses something. Something hits you.
* * * LOW HITPOINT WARNING * * *
Something freezes you!
* * * LOW HITPOINT WARNING * * *
You closely miss something. You closely miss something. You headbutt something!
You barely miss something. You headbutt something! Something hits you!
* * * LOW HITPOINT WARNING * * *
Something freezes you!
You die...

.......#...##......##..##.......#
........#..#........#..##........
.......#...#........#..#.........
.......##..########.#...#.......#
.#.#.#.#....P#####.#...#.###....#
.###..#.................#.##.....
.................................
.................................
...............†@................
.....#PP.......{.................
..##.##...................#####.P
...P.P#P....##.###......##.#.###.
............###..##......#.....##
.....P#......#...P......#......##
.....##.....#...........##.....#.
#....###....#....##.....##.....##
#....##..........#......P...#P..#


There were no monsters in sight!

Vanquished Creatures
  Gastronok (Lair:1)
  2 hydras
  Erica (D:9)
  2 two-headed ogres (D:9)
  A tengu warrior (D:11)
  Nergalle (Lair:4)
  Pikel (D:7)
  An ugly thing (D:11)
  A manticore (D:11)
  2 black mambas (Lair:3)
  2 spiny frogs
  5 komodo dragons
  A troll (D:9)
  3 blink frogs (Lair:2)
  A bog body (Lair:2)
  7 hippogriffs
  A meliai zombie (D:11)
  A wraith (D:10)
  Eustachio (D:6)
  3 wyverns
  A human (D:7)
  15 yaks
  10 hogs
  A hungry ghost (D:10)
  2 basilisks
  12 porcupines
  5 water moccasins
  A sky beast (D:6)
  A slave (D:7)
  3 ice beasts
  A black bear (D:11)
  14 orc warriors
  A phantom (D:4)
  4 ogres
  10 wolves
  3 centaurs
  8 crocodiles
  3 big kobolds (D:9)
  9 bullfrogs
  5 gnoll sergeants
  A water moccasin zombie (D:9)
  5 scorpions
  A wyvern skeleton (D:10)
  2 howler monkeys (D:4)
  3 crimson imps
  3 quasits
  4 centaur zombies
  3 centaur skeletons
  4 jellies
  A wyvern simulacrum (D:10)
  5 orc priests
  2 iguanas
  9 orc wizards
  12 worker ants
  8 gnolls
  9 adders
  An ooze (D:1)
  An adder skeleton (D:4)
  2 worms
  4 leopard geckos
  49 orcs
  7 bats
  4 giant cockroaches
  7 goblins
  4 hobgoblins
  10 jackals
  A quokka (D:2)
  5 frilled lizards
  A jackal skeleton (D:4)
  6 kobolds
  A quokka skeleton (D:7)
  4 rats (D:3)
326 creatures vanquished.

Vanquished Creatures (collateral kills)
  An orc knight (Bailey)
  A hippogriff (Lair:1)
  A porcupine (Lair:1)
  2 orc warriors (Bailey)
  A gnoll sergeant (D:9)
  An orc (D:9)
7 creatures vanquished.

Vanquished Creatures (others)
  A fungus (Lair:4)
  7 plants
8 creatures vanquished.

Grand Total: 341 creatures vanquished

Notes
Turn   | Place    | Note
-------+----------+-------------------------------------------
     0 | D:1      | Darkshadow the Minotaur Berserker began the quest for the
                  | Orb.
     0 | D:1      | Reached XP level 1. HP: 19/19 MP: 0/0
    32 | D:1      | Upgraded the game from 0.24-a0-335-g06ca16a to
                  | 0.24-a0-397-g73b976d
   259 | D:1      | Reached XP level 2. HP: 21/27 MP: 1/1
   764 | D:2      | Reached XP level 3. HP: 33/33 MP: 2/2
  1052 | D:2      | Reached ** piety under Trog
  1090 | D:2      | Reached XP level 4. HP: 35/41 MP: 3/3
  1338 | D:2      | Found a bloodstained altar of Trog.
  1465 | D:3      | Found a blossoming altar of Fedhas.
  1569 | D:3      | Reached skill level 5 in Maces & Flails
  2209 | D:4      | Reached XP level 5. HP: 47/47 MP: 4/4
  2310 | D:4      | Found a burning altar of Makhleb.
  2310 | D:4      | Noticed an Executioner
  2378 | D:4      | Noticed a phantom
  2398 | D:4      | Killed a phantom
  2398 | D:4      | Reached skill level 5 in Fighting
  2398 | D:4      | Reached XP level 6. HP: 53/56 MP: 5/5
  2746 | D:4      | Noticed an ice beast
  2758 | D:4      | Killed an ice beast
  2758 | D:4      | Reached skill level 5 in Armour
  2758 | D:4      | Reached XP level 7. HP: 52/62 MP: 6/6
  3363 | D:5      | Entered Level 5 of the Dungeon
  3398 | D:4      | Reached skill level 1 in Shields
  3594 | D:5      | Found a staircase to the Ecumenical Temple.
  3609 | D:5      | Reached skill level 2 in Shields
  4134 | D:6      | Reached skill level 3 in Shields
  4134 | D:6      | Reached XP level 8. HP: 66/71 MP: 7/7
  4258 | D:6      | Reached *** piety under Trog
  4497 | D:6      | Noticed Eustachio
  4502 | D:6      | Killed Eustachio
  4502 | D:6      | Reached skill level 4 in Shields
  5224 | D:7      | Reached skill level 5 in Shields
  5228 | D:7      | Reached XP level 9. HP: 79/79 MP: 8/8
  5231 | D:7      | Reached skill level 6 in Shields
  5336 | D:7      | Noticed Pikel
  5360 | D:7      | Killed Pikel
  5360 | D:7      | Reached skill level 10 in Maces & Flails
  5396 | D:7      | Found an opulent altar of Gozag.
  5791 | D:8      | Reached skill level 7 in Shields
  6032 | D:8      | Found a shattered altar of Ashenzari.
  6032 | D:8      | Found a deep blue altar of Sif Muna.
  6033 | D:8      | Found an iron altar of Okawaru.
  6072 | D:8      | Found Luest's Jewellery Shop.
  6788 | D:9      | Found a deep blue altar of Sif Muna.
  6947 | D:9      | Noticed a two-headed ogre
  6959 | D:9      | Killed a two-headed ogre
  6959 | D:9      | Reached skill level 8 in Shields
  6959 | D:9      | Reached XP level 10. HP: 68/90 MP: 9/9
  7150 | D:9      | Reached **** piety under Trog
  7171 | D:9      | Found a staircase to the Orcish Mines.
  7389 | D:9      | Reached skill level 9 in Shields
  7501 | D:9      | Noticed a two-headed ogre
  7511 | D:9      | Killed a two-headed ogre
  7551 | D:9      | Noticed Erica
  7577 | D:9      | Killed Erica
  7809 | D:9      | Reached skill level 10 in Shields
  7896 | D:9      | Found a staircase to the Lair.
  7934 | D:10     | Entered Level 10 of the Dungeon
  8136 | D:10     | Found a flagged portal.
  8171 | Bailey   | Entered a bailey
  8760 | Bailey   | Reached XP level 11. HP: 87/97 MP: 10/10
  9009 | Bailey   | Noticed an orc knight
  9020 | Bailey   | Killed an orc knight
  9637 | D:11     | Noticed a tengu warrior
  9674 | D:11     | Killed a tengu warrior
  9759 | D:11     | Reached skill level 11 in Shields
  9797 | D:11     | Noticed a cyan ugly thing
  9814 | D:11     | Killed a cyan ugly thing
  9814 | D:11     | Reached skill level 10 in Fighting
 10732 | D:11     | Reached skill level 10 in Armour
 10769 | D:11     | Reached ***** piety under Trog
 10868 | D:11     | Found Esorphis's Food Boutique.
 11200 | Lair:1   | Entered Level 1 of the Lair of Beasts
 11223 | Lair:1   | Noticed Gastronok
 11241 | Lair:1   | Killed Gastronok
 11241 | Lair:1   | Reached skill level 12 in Shields
 11241 | Lair:1   | Reached XP level 12. HP: 108/108 MP: 11/11
 11255 | Lair:1   | Noticed a seven-headed hydra
 11283 | Lair:1   | Killed a seven-headed hydra
 12014 | Lair:2   | Reached skill level 13 in Shields
 12150 | Lair:2   | Found a staircase to the Swamp.
 12584 | Lair:2   | Received a gift from Trog
 13667 | Lair:3   | Noticed a five-headed hydra
 13676 | Lair:3   | Killed a five-headed hydra
 13676 | Lair:3   | Reached skill level 14 in Shields
 13871 | Lair:3   | Found a hole to the Spider Nest.
 14182 | Lair:4   | Got a coiled bronze ring
 14184 | Lair:4   | Identified the ring "Fera" {rF+ Int+10} (You found it on
                  | level 4 of the Lair of Beasts)
 14262 | Lair:4   | Noticed a death yak
 14262 | Lair:4   | Noticed a death yak
 14262 | Lair:4   | Noticed a death yak
 14263 | Lair:4   | Noticed a death yak
 14264 | Lair:4   | Noticed Nessos
 14269 | Lair:4   | Noticed Nergalle
 14280 | Lair:4   | Killed Nergalle
 14288 | Lair:4   | Noticed Kirke
 14293 | Lair:4   | Noticed Sonja
 14808 | Lair:3   | HP: 4/168 [something (9)]
 14808 | Lair:3   | Annihilated by Kirke

Levels and vault maps discovered:
D:1:      saegor_arrival_simple_c, layout_rooms
D:2:      layout_loops_corners, lightli_temple_of_fire, chequers_mini_garden,
          hex_medium
D:3:      layout_loops_ring, lemuel_crystal_altar, minmay_door_square,
          kennysheep_donut
D:4:      layout_gridville, makhleb_altar_promises_db, first_ration
D:5:      layout_rooms, minmay_temple_entry_ruins
D:6:      layout_gridville, serial_park_tiny_1, uniq_eustachio
D:7:      layout_loops_cross, basic_altar, grunt_livestock, uniq_pikel
D:8:      layout_basic, gammafunk_temple_overflow_claw, serial_shops,
          shop_fountains
D:9:      layout_roguey, david_lair_shrubbed,
          kennysheep_orc_monster_closet_entryway, led_sif_book, uniq_erica
D:10:     layout_basic, enter_bailey_6
D:11:     layout_irregular_city, serial_shops, shop
Lair:1:   layout_big_grid, grunt_megastairs_4, lemuel_fruit_tree, uniq_gastronok
Lair:2:   layout_cave_pods, skrybe_swamp_entry_bodies, beast_lair_carwin_10,
          grunt_megastairs_5
Lair:3:   layout_regular_city, nicolae_spider_entry_non_spiders,
          grunt_megastairs_2
Lair:4:   layout_cave_pods, minivault_27, lemuel_fruit_fields, uniq_sonja,
          uniq_nergalle, uniq_nessos, uniq_kirke

Skill      XL: |  1  2  3  4  5  6  7  8  9 10 11 12 |
---------------+-------------------------------------+-----
Fighting       | 4 5 6 7 8 9 10 12 | 12.1
Maces & Flails | 4 5 6 7 8 9 11 12 13 | 13.6
Armour         | 3 4 5 6 7 9 10 11 | 11.8
Shields        | 3 5 8 10 12 14 | 14.6
Dodging        | |  2.7

Action                   |  1- 3 |  4- 6 |  7- 9 | 10-12 || total
-------------------------+-------+-------+-------+-------++-------
Melee: Mace              |    85 |    93 |   191 |       ||   369
       Headbutt          |     7 |    24 |    51 |   285 ||   367
       Whip              |       |       |    86 |  1107 ||  1193
Invok: Berserk           |       |     2 |     7 |    11 ||    20
       Trog's Hand       |       |     1 |     5 |     5 ||    11
       Brothers in Arms  |       |       |       |     3 ||     3
  Use: Scroll            |       |     5 |     4 |     2 ||    11
       Potion            |       |       |       |     7 ||     7
  Eat: Chunk             |       |     8 |    14 |    23 ||    45
       Ration            |       |       |     2 |     5 ||     7
Armor: Animal skin       |     4 |       |       |       ||     4
       Chain mail        |    31 |    27 |       |       ||    58
       Plate armour      |       |    37 |   135 |   307 ||   479
Dodge: Dodged            |    51 |    37 |    73 |   186 ||   347
Block: Shield            |       |       |    24 |   548 ||   572
       Large shield      |       |       |       |   135 ||   135

Table legend:
 A = Non-vault XP
 B = Vault XP
 C = Vault XP percentage of total XP
 D = Non-vault monster count
 E = Vault monster count
 F = Vault count percentage of total count
                 A         B        C        D         E       F
            +---------+---------+-------+---------+---------+-------
      Total |   23011 |   14577 |  38.8 |     243 |      89 |  26.8
            +---------+---------+-------+---------+---------+-------
        D:1 |      29 |       0 |   0.0 |      15 |       0 |   0.0
        D:2 |      80 |       0 |   0.0 |      17 |       0 |   0.0
        D:3 |      82 |       0 |   0.0 |      23 |       0 |   0.0
        D:4 |     868 |       0 |   0.0 |      22 |       0 |   0.0
        D:5 |     194 |       0 |   0.0 |       6 |       0 |   0.0
        D:6 |     485 |     208 |  30.0 |      13 |       1 |   7.1
        D:7 |     264 |    1639 |  86.1 |      14 |       6 |  30.0
        D:8 |     766 |     116 |  13.2 |      11 |       2 |  15.4
        D:9 |    2573 |    2840 |  52.5 |      22 |      21 |  48.8
       D:10 |    1153 |       0 |   0.0 |      13 |       0 |   0.0
       D:11 |    6274 |       0 |   0.0 |      35 |       0 |   0.0
     Lair:1 |    4064 |    2234 |  35.5 |      22 |       1 |   4.3
     Lair:2 |    1563 |    2584 |  62.3 |       9 |      14 |  60.9
     Lair:3 |    3573 |    1874 |  34.4 |      15 |      15 |  50.0
     Lair:4 |    1043 |    1424 |  57.7 |       6 |       4 |  40.0
     Bailey |       0 |    1658 | 100.0 |       0 |      25 | 100.0
            +---------+---------+-------+---------+---------+-------
